 Dungeon Crawl Stone Soup version 0.32-a0-7-ge934b4519a (webtiles) character file.

Game seed: 12533058893422486744

305174 swappor the Impregnable (level 20, -49/280 HPs)
             Began as a Minotaur Berserker on Jan 13, 2024.
             Was a High Priest of Trog.
             Killed from afar by Nikola (102 damage)
             ... with an arc of chain lightning
             ... on level 2 of the Vaults.
             The game lasted 04:16:57 (39631 turns).

swappor the Impregnable (Minotaur Berserker)       Turns: 39631, Time: 04:16:57

Health: -49/280    AC: 43    Str: 33    XL:     20   Next: 27%
Magic:  19/19      EV: 13    Int:  8    God:    Trog [*****.]
Gold:   2973       SH: 15    Dex: 19    Spells: 19/19 levels left

rFire   . . .        d - +9 broad axe (heavy)
rCold   . . .        a - +2 kite shield
rNeg    . . .        y - +0 crystal plate armour
rPois   +            Q - +2 hat of the Desolation of Salt {+Inv Regen+ Str+3 Dex+2}
rElec   .            u - scarf of Philately {repulsion, rPois Int+4 Dex+3}
rCorr   .            F - +2 pair of gloves {Dex+3}
SInv    .            W - +1 pair of boots
Will    +....        p - amulet of reflection Stlth
                     C - ring of poison resistance
HPRegen 1.46/turn    b - +4 ring of protection
MPRegen 0.16/turn

%: repel missiles, reflection
@: berserking, very quick
A: horns 2, retaliatory headbutt
}: 2/15 runes: barnacled, gossamer
a: Renounce Religion, Evoke Invisibility, Berserk, Trog's Hand, Brothers in Arms


You were on level 2 of the Vaults.
You worshipped Trog.
Trog was extremely pleased with you.
You visited 6 branches of the dungeon, and saw 32 of its levels.
You also visited: Bailey.

You collected 4058 gold pieces.
You spent 1085 gold pieces at shops.

Inventory:

Hand Weapons
 d - a +9 heavy broad axe (weapon)
Missiles
 k - 44 boomerangs (quivered)
 n - 9 throwing nets
 P - 9 silver javelins
 X - 17 javelins
Armour
 a - a +2 kite shield (worn)
 u - the scarf of Philately (worn) {repulsion, rPois Int+4 Dex+3}
   (You bought it in a shop on level 2 of the Orcish Mines)

   Int+4:     It affects your intelligence (+4).
   Dex+3:     It affects your dexterity (+3).
   rPois:     It protects you from poison
 y - a +0 crystal plate armour (worn)
 F - a +2 pair of gloves of dexterity (worn)
 Q - the +2 hat of the Desolation of Salt (worn) {+Inv Regen+ Str+3 Dex+2}
   (You found it on level 2 of the Lair of Beasts)

   Str+3:     It affects your strength (+3).
   Dex+2:     It affects your dexterity (+2).
   +Inv:      It lets you turn invisible.
   Regen+:    It increases your rate of health regeneration.
 W - a +1 pair of boots (worn)
Jewellery
 b - a +4 ring of protection (right hand)
 c - a ring of protection from cold
 e - a ring of resist corrosion
 f - a +4 ring of protection
 g - a ring of protection from fire
 p - an amulet of reflection (around neck)
 C - a ring of poison resistance (left hand)
 L - a ring of flight
 M - a ring of see invisible
 Y - a ring of protection from fire
Scrolls
 i - 12 scrolls of teleportation
 l - 3 scrolls of vulnerability
 m - a scroll of acquirement
 q - 2 scrolls of fear
 r - a scroll of summoning {unknown}
 s - 4 scrolls of poison
 t - 3 scrolls of enchant armour
 v - 6 scrolls of enchant weapon
 x - 6 scrolls of revelation
 B - 3 scrolls of immolation
 J - 2 scrolls of blinking
 N - a scroll of brand weapon {unknown}
 O - a scroll of silence {unknown}
 U - 2 scrolls of fog
Potions
 h - 2 potions of haste
 o - 7 potions of enlightenment
 z - a potion of lignification
 A - 2 potions of cancellation
 D - 5 potions of resistance
 G - 14 potions of curing
 H - 7 potions of heal wounds
 I - 3 potions of might
 K - a potion of invisibility
 R - 7 potions of ambrosia
 T - 2 potions of mutation
 V - 3 potions of attraction
Miscellaneous
 w - a phantom mirror
 E - a phial of floods


   Skills:
 - Level 18.0 Fighting
 - Level 23.4 Axes
 - Level 18.0 Throwing
 - Level 24.8 Armour
 + Level 12.0 Dodging


You had 19 spell levels left.
You didn't know any spells.
Your spell library was empty.

Dungeon Overview and Level Annotations

Branches:
Dungeon (15/15)            Temple (0/1) D:6            Lair (5/5) D:9
 Shoals (4/4) Lair:3       Spider (4/4) Lair:2        Slime (0/5) Lair:5
    Orc (2/2) D:9             Elf (0/3) Orc:2        Vaults (2/5) D:13
  Crypt (0/3) Vaults:2     Depths (0/4) D:15         Bailey (visited)

Altars:
Ashenzari
Cheibriados
Dithmenos
Elyvilon
Fedhas
Makhleb
Okawaru
Qazlal
Trog
Uskayaw
Vehumet
Wu Jian
Xom
Zin
Jiyva

Shops:
Orc:2 ?[[!

Portals:
Trove: Vaults:1 (lose all piety)

Annotations:
D:11 insane room, fire giant & lich, anacleto's ghost, journeyman TrSh
Lair:2 door, roller beetles and lindwurms
Vaults:2 Nikola


Innate Abilities, Weirdness & Mutations

You have a pair of horns on your head.
You reflexively headbutt those who attack you in melee.


Message History

The yaktaur captain hits you but does no damage.
You carve the yaktaur captain like a ham!!!
You kill the yaktaur captain!
Trog accepts your kill.
Your Dodging skill increases to level 12!
There is an open door here.
Nikola is nearby!
Press: ? - help, v - describe, . - travel
Here: Nikola, wielding a +3 rapier of electrocution, wearing a +1 cloak of stealth and wearing a +0 pair of gloves (wandering, hasn't noticed you)
The floor.
Press: ? - help, v - describe, . - travel The floor.
There is an open door here.
There is an open door here.
Nikola shouts!
Nikola mumbles some strange words.
Nikola blinks!
There is an open door here.
Nikola asks, "Are you insulated?"
Nikola mumbles some strange words.
Lightning arcs from Nikola's hands!
The bolt of lightning hits you!!!
A bolt of lightning appears from out of thin air!
The bolt of lightning hits Nikola.
Nikola casts a spell.
Nikola blinks!
There is an open door here.
Nikola hits you with a +3 rapier of electrocution!
You chop Nikola into pieces!!!
Nikola is moderately wounded.
Nikola casts a spell.
Lightning arcs from Nikola's hands!
The bolt of lightning hits you!!!!
* * * LOW HITPOINT WARNING * * *
A bolt of lightning appears from out of thin air!
The bolt of lightning hits Nikola.
A red film seems to cover your vision as you go berserk!
You feel yourself moving faster!
You feel mighty! Nikola asks, "Are you insulated?"
Nikola gestures wildly while chanting.
Lightning arcs from Nikola's hands!
The bolt of lightning hits you!!!!
You die...

##.....## ##..##...## #..##..#..#
#.##..)##.# #.##...##.#
#.##...##.# #..#..##..#
##...##@.## ##....@##
################'################
........[........................
.................................
.................................
.................................
#######)#########################
.)..............#
##........##....#


You could see Nikola.

Vanquished Creatures
  Mara (Spider:3)
  Mennas (Vaults:2)
  Boris (Vaults:1)
  A bone dragon (Vaults:2)
  Arachne (Spider:4)
  The ghost of Xavori the Spry, an adept DjCK of Xom (Spider:4)
  Mlioglotl (Spider:2)
  Polyphemus (Shoals:2)
  Asterion (Spider:1)
  A sphinx (Vaults:1)
  A tengu reaver (Vaults:1)
  Ilsuiw (Shoals:4)
  Roxanne (Shoals:3)
  7 emperor scorpions
  Louise (Spider:1)
  6 ghost moths
  5 ironbound preservers
  4 vault wardens
  3 orc warlords
  A very ugly thing (Vaults:1)
  A broodmother (Spider:3)
  2 stone giants
  7 ironbound thunderhulks
  The ghost of Fiwishre the Thaumaturge, a journeyman DjFE of Cheibriados (D:13)
  The ghost of wildpjah the Carver, a journeyman HOFi of Beogh (Orc:2)
  Azrael (Spider:3)
  2 eleionomae (Shoals:3)
  A war gargoyle (Vaults:1)
  3 spark wasps
  An ettin (Vaults:2)
  A crystal guardian (Vaults:1)
  8 merfolk javelineers
  9 entropy weavers
  3 merfolk impalers
  2 great orbs of eyes
  A rakshasa (D:15)
  An ogre mage (D:15)
  A peacekeeper (Vaults:1)
  2 vault guards (Vaults:1)
  An alligator snapping turtle (Shoals:3)
  7 yaktaur captains
  3 catoblepae
  9 hydras
  8 centaur warriors
  4 merfolk avatars (Shoals:4)
  A jorogumo (Spider:2)
  6 merfolk aquamancers
  4 radroaches
  5 satyrs
  10 boulder beetles
  A death scarab (Spider:2)
  5 demonic crawlers
  3 tengu warriors
  13 two-headed ogres
  A deep troll earth mage (D:12)
  32 death yaks
  Sonja (D:11)
  4 orc high priests (Orc:2)
  7 skysharks
  7 pharaoh ants
  11 skeletal warriors
  Lodul (D:13)
  14 sea snakes
  4 arcanists
  4 sun moths (Spider:4)
  9 deep trolls
  12 orb spiders
  A glowing orange brain (D:15)
  12 harpies
  7 lindwurms
  A deep elf pyromancer (D:13)
  3 ironbound convokers (Vaults:1)
  9 orc knights
  7 steelbarb worms
  18 wolf spiders
  Pikel (D:8)
  5 orc sorcerers (Orc:2)
  34 ugly things
  29 fauns
  9 cyclopes
  18 manticores
  An oklob plant (Lair:4)
  2 kobold blastminers (Orc:2)
  3 meliai
  17 merfolk sirens
  12 elephants
  4 vault sentinels
  8 black mambas
  11 water nymphs
  Maggie (D:6)
  13 cane toads
  3 gargoyles
  5 torpor snails
  2 efreet
  2 kobold demonologists (D:9)
  2 unseen horrors (D:12)
  14 yaktaurs
  2 tengu conjurers (D:13)
  A yaktaur (shapeshifter) (D:14)
  Psyche (D:11)
  5 rime drakes
  15 komodo dragons
  A guardian mummy (Vaults:1)
  A queen bee (shapeshifter) (D:15)
  23 merfolk
  4 trolls
  15 polar bears
  22 tarantellas
  A tyrant leech (Lair:2)
  17 blink frogs
  10 hornets
  2 wind drakes
  20 dream sheep
  16 culicivoras
  8 snapping turtles
  2 jumping spiders (shapeshifter) (D:15)
  4 centaur simulacra (D:10)
  11 spriggans
  20 jumping spiders
  10 slime creatures
  2 vampires
  2 wraiths
  A ynoxinul (D:13)
  3 shadows
  8 water elementals
  5 basilisks
  37 yaks
  6 wyverns
  Grum (D:8)
  6 vampire mosquitoes
  2 steam dragons
  3 fire elementals (Spider:3)
  52 redbacks
  4 hell hounds (Spider:3)
  2 acid dragons
  3 swamp worms (Lair:3)
  15 water moccasins
  22 orc warriors
  2 sky beasts
  2 ice beasts
  A black bear (shapeshifter) (D:15)
  A laughing skull (D:11)
  5 black bears
  17 ogres
  10 boggarts
  28 wolves
  15 centaurs
  A wolf (shapeshifter) (D:15)
  A phantom (D:6)
  2 lemures (D:8)
  3 kobold brigands
  19 bullfrogs
  2 scorpions
  2 gnoll sergeants
  4 wights
  12 killer bees
  4 electric eels
  4 howler monkeys
  3 lava snakes (Lair:2)
  3 hounds (D:5)
  2 gnoll boudas (D:6)
  A jelly (D:5)
  18 orc priests
  3 sleepcaps
  2 iguanas (D:5)
  13 orc wizards
  18 gnolls
  9 adders
  A shadow imp (D:4)
  6 white imps
  6 ufetubi
  3 ribbon worms
  3 dart slugs
  50 orcs
  7 ball pythons
  10 endoplasms
  3 giant cockroaches
  12 goblins
  7 hobgoblins
  6 jackals
  31 kobolds
  3 quokkas
  7 bats
  4 frilled lizards
  4 rats
  2 spectral weapons (Spider:1)
1286 creatures vanquished.

Vanquished Creatures (others)
  A centaur simulacrum (D:14)
  2 gnolls (D:8)
  An ufetubus (D:10)
4 creatures vanquished.

Grand Total: 1290 creatures vanquished

Notes
Turn   | Place    | Note
-------+----------+-------------------------------------------
     0 | D:1      | swappor the Minotaur Berserker began the quest for the Orb.
     0 | D:1      | Reached XP level 1. HP: 19/19 MP: 0/0
   131 | D:1      | Reached XP level 2. HP: 26/26 MP: 1/1
   404 | D:1      | Reached skill level 5 in Axes
   816 | D:1      | Found a snail-covered altar of Cheibriados.
   870 | D:2      | Reached XP level 3. HP: 31/31 MP: 2/2
   930 | D:2      | Reached ** piety under Trog
  1731 | D:3      | Found an iron altar of Okawaru.
  1774 | D:3      | Found a snail-covered altar of Cheibriados.
  1789 | D:3      | Reached XP level 4. HP: 35/39 MP: 3/3
  2037 | D:3      | Found a blossoming altar of Fedhas.
  2382 | D:4      | Found a broken altar of Ashenzari.
  2405 | D:4      | Reached *** piety under Trog
  2413 | D:4      | Reached XP level 5. HP: 44/45 MP: 4/4
  2584 | D:4      | Found a bloodstained altar of Trog.
  2638 | D:4      | Found a stormy altar of Qazlal.
  2802 | D:5      | Entered Level 5 of the Dungeon
  2859 | D:5      | Reached skill level 1 in Throwing
  2859 | D:5      | Reached XP level 6. HP: 42/51 MP: 5/5
  3143 | D:5      | Reached XP level 7. HP: 57/57 MP: 6/6
  3203 | D:5      | Reached skill level 5 in Throwing
  3607 | D:5      | Reached XP level 8. HP: 64/64 MP: 7/7
  3871 | D:6      | Noticed Maggie
  3900 | D:6      | Killed Maggie
  3901 | D:6      | Reached skill level 5 in Fighting
  4113 | D:6      | Identified the +1 dagger "Lufat" {elec, *Slow rPois MP+9}
  4380 | D:6      | Reached **** piety under Trog
  4461 | D:6      | Identified the +7 falchion "Cybo" {flame, Int+3}
  4483 | D:6      | Found a shimmering altar of Xom.
  4506 | D:6      | Reached XP level 9. HP: 50/81 MP: 8/8
  4815 | D:6      | Found a staircase to the Ecumenical Temple.
  5296 | D:7      | Found a hide-covered altar of Uskayaw.
  5451 | D:7      | Reached skill level 10 in Axes
  5828 | D:8      | Found a burning altar of Makhleb.
  5933 | D:8      | Noticed Grum
  5958 | D:8      | Killed Grum
  6251 | D:8      | Noticed Pikel
  6298 | D:8      | Killed Pikel
  6299 | D:8      | Reached XP level 10. HP: 88/88 MP: 9/9
  6635 | D:8      | Reached skill level 10 in Throwing
  7772 | D:9      | Found a glowing silver altar of Zin.
  8110 | D:9      | Found a staircase to the Lair.
  8368 | D:9      | Noticed an orange demon
  8391 | D:9      | Reached XP level 11. HP: 90/97 MP: 10/10
  8562 | D:9      | Found a staircase to the Orcish Mines.
  8775 | D:10     | Entered Level 10 of the Dungeon
  8817 | D:10     | Found the Hermit's Pendant {Faith Invo=14 Evo=0 MP+5}
  8911 | D:10     | Reached skill level 10 in Fighting
  9078 | D:10     | Reached ***** piety under Trog
  9414 | D:10     | Found a flagged portal.
  9414 | D:10     | Noticed a two-headed ogre
  9419 | D:10     | Killed a two-headed ogre
  9439 | Bailey   | Entered a bailey
  9460 | Bailey   | Noticed an orc warlord
  9564 | Bailey   | Found a runed translucent gate.
  9566 | Bailey   | Found a runed translucent gate.
  9567 | Bailey   | Found a runed translucent gate.
  9574 | Bailey   | Noticed an orc knight
  9595 | Bailey   | Killed an orc knight
  9909 | Bailey   | Killed an orc warlord
  9950 | D:10     | Reached XP level 12. HP: 112/112 MP: 11/11
  9956 | D:10     | Noticed a two-headed ogre
  9960 | D:10     | Killed a two-headed ogre
 10313 | D:10     | Found a shadowy altar of Dithmenos.
 10690 | D:10     | Found a white marble altar of Elyvilon.
 10790 | Lair:1   | Entered Level 1 of the Lair of Beasts
 10804 | Lair:1   | Received a gift from Trog
 10995 | Lair:1   | Noticed a seven-headed hydra
 11011 | Lair:1   | Killed a seven-headed hydra
 11338 | Lair:1   | Reached XP level 13. HP: 98/118 MP: 22/22
 12567 | Lair:2   | Identified the +5 trident "Feviam" {venom, rF- Int+4 Dex+3}
 12981 | Lair:2   | Found a hole to the Spider Nest.
 13653 | Lair:2   | Found a runed translucent door.
 14191 | Lair:2   | Found a runed translucent gate.
 14191 | Lair:2   | Identified the +2 hat of the Desolation of Salt {+Inv
                  | Regen+ Str+3 Dex+2}
 14198 | Lair:2   | Found a runed translucent gate.
 14199 | Lair:2   | Found a runed translucent gate.
 14199 | Lair:2   | Found a runed translucent gate.
 14199 | Lair:2   | Found a runed translucent gate.
 14200 | Lair:2   | Found a runed translucent gate.
 14608 | Lair:3   | Identified a scroll of acquirement
 14828 | Lair:3   | Reached skill level 15 in Throwing
 14929 | Lair:3   | Received a gift from Trog
 15287 | Lair:3   | Reached XP level 14. HP: 126/126 MP: 23/23
 15465 | Lair:3   | Found a staircase to the Shoals.
 16686 | Lair:4   | Received a gift from Trog
 17184 | Lair:5   | Entered Level 5 of the Lair of Beasts
 18214 | Lair:5   | Found a staircase to the Slime Pits.
 18215 | Lair:5   | Found a viscous altar of Jiyva.
 18557 | Lair:5   | Reached skill level 15 in Fighting
 18569 | Lair:5   | Paralysed by a hornet for 3 turns
 18841 | Lair:5   | Received a gift from Trog
 19048 | Lair:5   | Reached XP level 15. HP: 141/141 MP: 24/24
 20002 | D:11     | Reached ****** piety under Trog
 20159 | D:11     | Noticed Sonja
 20173 | D:11     | Killed Sonja
 20297 | D:11     | Received a gift from Trog
 20442 | D:11     | Noticed anacleto's ghost (journeyman TrSh)
 20442 | D:11     | Noticed a lich
 20444 | D:11     | Noticed a fire giant
 20590 | D:11     | Noticed Psyche
 20596 | D:11     | Killed Psyche
 20690 | D:11     | Found a runed translucent door.
 20697 | D:11     | Found a runed translucent door.
 21024 | D:12     | Found Zin's Purification Station.
 21024 | D:12     | Found a glowing silver altar of Zin.
 21047 | D:12     | Bought a potion of curing for 90 gold pieces
 21352 | D:12     | Reached skill level 3 in Armour
 21415 | D:12     | Reached skill level 4 in Armour
 21588 | D:12     | Reached skill level 5 in Armour
 21698 | D:12     | Reached skill level 6 in Armour
 21786 | D:12     | Reached skill level 7 in Armour
 21831 | D:12     | Identified the +12 trident of the Fabulous God {drain, rN+
                  | Str+2}
 21900 | D:12     | Identified the ring "Sipoesam" {Fly Str+8 Slay-2}
 21930 | D:12     | Acquired a manual of Armour
 21947 | D:12     | Reached skill level 8 in Armour
 21967 | D:12     | Reached skill level 9 in Armour
 22096 | D:12     | Reached skill level 10 in Armour
 22205 | D:13     | Noticed Fiwishre's ghost (journeyman DjFE)
 22312 | D:13     | Found a runed translucent door.
 22334 | D:13     | Received a gift from Trog
 22488 | D:13     | Reached skill level 11 in Armour
 22668 | D:13     | Noticed Lodul
 22669 | D:13     | Found a gate to the Vaults.
 22671 | D:13     | Killed Lodul
 22672 | D:13     | Reached skill level 12 in Armour
 22702 | D:13     | Reached XP level 16. HP: 154/155 MP: 25/25
 22866 | D:13     | Found an ornate altar of the Wu Jian Council.
 22936 | D:13     | Killed Fiwishre's ghost
 23026 | D:14     | Reached skill level 13 in Armour
 23181 | D:14     | Reached skill level 14 in Armour
 23238 | D:14     | Reached skill level 15 in Armour
 23305 | D:14     | Found a radiant altar of Vehumet.
 23648 | D:14     | Received a gift from Trog
 23649 | D:14     | Reached skill level 16 in Armour
 23996 | D:15     | Entered Level 15 of the Dungeon
 24243 | D:15     | Reached skill level 17 in Armour
 24734 | D:15     | Reached skill level 18 in Armour
 25236 | D:15     | Found a staircase to the Depths.
 25472 | Orc:1    | Entered Level 1 of the Orcish Mines
 25527 | Orc:1    | Received a gift from Trog
 25643 | Orc:1    | You fall into a shaft and drop 1 floor!
 25643 | Orc:2    | Entered Level 2 of the Orcish Mines
 25818 | D:9      | Reached skill level 19 in Armour
 26091 | Orc:2    | Found a staircase to the Elven Halls.
 26261 | Orc:2    | Found a runed translucent door.
 26262 | Orc:2    | Noticed wildpjah's ghost (journeyman HOFi)
 26685 | Orc:2    | Found Doufixit's Distillery.
 26710 | Orc:2    | Received a gift from Trog
 26765 | Orc:2    | Found Qaoqeas's Armour Boutique.
 26789 | Orc:2    | Found Woeneul's Magic Scroll Shoppe.
 26790 | Orc:2    | Found Mouligem's Armour Boutique.
 26804 | Orc:2    | Bought a scroll of blinking for 97 gold pieces
 26804 | Orc:2    | Bought a scroll of identify for 26 gold pieces
 26804 | Orc:2    | Bought a scroll of identify for 26 gold pieces
 26804 | Orc:2    | Bought a scroll of vulnerability for 52 gold pieces
 26835 | Orc:2    | Bought a potion of might for 64 gold pieces
 26835 | Orc:2    | Bought a potion of resistance for 160 gold pieces
 26835 | Orc:2    | Bought a potion of lignification for 48 gold pieces
 26835 | Orc:2    | Bought a potion of magic for 128 gold pieces
 26851 | Orc:2    | Bought the scarf of Philately {repulsion, rPois Int+4
                  | Dex+3} for 394 gold pieces
 26981 | Orc:2    | Killed wildpjah's ghost
 26985 | Orc:2    | Identified the +7 quarterstaff of Reason {flame, *Corrode
                  | rF+ rC++}
 27127 | Shoals:1 | Entered Level 1 of the Shoals
 27135 | Shoals:1 | Reached XP level 17. HP: 163/163 MP: 26/26
 27142 | Shoals:1 | Reached skill level 20 in Armour
 27674 | Shoals:1 | Identified the maw talisman of the Original Sin {rPois rF-
                  | Will+ rCorr Int+2}
 28045 | Shoals:2 | Noticed Polyphemus
 28163 | Shoals:2 | Reached skill level 21 in Armour
 28311 | Shoals:2 | Killed Polyphemus
 28621 | Shoals:2 | Identified the +2 ring mail of Jomuxkaf {rCorr}
 28634 | Shoals:2 | Received a gift from Trog
 29169 | Shoals:3 | Noticed Roxanne
 29185 | Shoals:3 | Killed Roxanne
 29186 | Shoals:3 | Reached skill level 22 in Armour
 29545 | Shoals:3 | Received a gift from Trog
 29617 | Shoals:3 | Reached skill level 23 in Armour
 29733 | Shoals:4 | Entered Level 4 of the Shoals
 29953 | Spider:1 | Entered Level 1 of the Spider Nest
 29977 | Spider:1 | Noticed Louise
 30008 | Spider:1 | Killed Louise
 30281 | Spider:1 | Noticed Asterion
 30289 | Spider:1 | Received a gift from Trog
 30299 | Spider:1 | Killed Asterion
 30300 | Spider:1 | Reached XP level 18. HP: 172/172 MP: 27/27
 30583 | Spider:2 | Noticed Mlioglotl
 30595 | Spider:2 | Killed Mlioglotl
 30648 | Spider:2 | Reached skill level 24 in Armour
 31177 | Spider:2 | Received a gift from Trog
 32529 | Spider:3 | Noticed Azrael
 32541 | Spider:3 | Killed Azrael
 32780 | Spider:3 | Noticed Mara
 32811 | Spider:3 | Killed Mara
 33183 | Spider:3 | Received a gift from Trog
 33693 | Spider:4 | Entered Level 4 of the Spider Nest
 33698 | Spider:4 | Noticed Arachne
 33838 | Spider:4 | Killed Arachne
 34019 | Spider:4 | Found a runed translucent gate.
 34019 | Spider:4 | Found a runed translucent gate.
 34190 | Spider:4 | Found a runed translucent gate.
 34191 | Spider:4 | Noticed Xavori's ghost (adept DjCK)
 34382 | Spider:4 | Killed Xavori's ghost
 34757 | Spider:4 | Reached XP level 19. HP: 179/179 MP: 18/18
 35007 | Spider:4 | Got a gossamer rune of Zot
 35768 | Shoals:4 | Received a gift from Trog
 35853 | Shoals:4 | Got a barnacled rune of Zot
 36126 | Shoals:4 | Noticed Ilsuiw
 36263 | Shoals:4 | Killed Ilsuiw
 36730 | Vaults:1 | Entered Level 1 of the Vaults
 36801 | Vaults:1 | You fall into a shaft and drop 1 floor!
 36888 | Vaults:1 | Found a portal to a secret trove of treasure.
 37298 | Vaults:1 | Reached skill level 5 in Dodging
 37408 | Vaults:1 | Received a gift from Trog
 37745 | Vaults:1 | Noticed Boris
 37760 | Vaults:1 | Killed Boris
 37829 | Vaults:1 | Identified the +3 scimitar "Ongidyg" {chaos, rPois Str+2
                  | Dex-5}
 37835 | Vaults:1 | Identified the +7 leather armour of Tartarus {rC+++ Will+
                  | Regen+ Int-3}
 38075 | Vaults:1 | Identified the +2 flail of Bloodstone {freeze, rN+}
 38322 | Vaults:1 | Reached XP level 20. HP: 157/186 MP: 19/19
 38383 | Vaults:2 | Noticed Nikola
 38552 | Vaults:2 | Reached skill level 10 in Dodging
 39017 | Vaults:2 | Noticed a bone dragon
 39025 | Vaults:2 | Killed a bone dragon
 39026 | Vaults:2 | Found a staircase to the Crypt.
 39189 | Vaults:2 | Noticed Mennas
 39232 | Vaults:2 | Killed Mennas
 39631 | Vaults:2 | Killed from afar by Nikola

Illustrated notes

Levels and vault maps discovered:
D:1:      dpeg_arrival_water_altar, layout_loops_ring
D:2:      layout_basic, chequers_arboretum
D:3:      layout_rooms, fedhas_altar_1,
          hellmonk_okawaru_the_only_friend_you_need, slow_altar_1
D:4:      layout_rooms, mainiacjoe_overflow_small_starburst,
          mainiacjoe_overflow_paths, general_overflow_altar
D:5:      layout_rooms, nicolae_houndstooth_variations
D:6:      layout_basic, mainiacjoe_overflow_alcove_1, temple_doors_cd,
          minmay_pentangle, uniq_maggie
D:7:      layout_rooms, nicolae_uskayaw_suspiria
D:8:      layout_basic, bloody_makhleb, nicolae_rank_and_phial, uniq_pikel,
          uniq_grum
D:9:      layout_gridville, mainiacjoe_overflow_24_doors,
          grunt_lair_entry_orc_guard_hut
D:10:     layout_gridville, mainiacjoe_overflow_alcove_4, grunt_dithmenos_smoke,
          enter_bailey_5, serial_ice, serial_ice_d, serial_ice_g, serial_ice_e,
          serial_ice_c, serial_ice_h, serial_ice_o, serial_ice_k, serial_ice_m,
          serial_ice_b, serial_ice_f
D:11:     layout_loops_ring, muffindrake_ghost_dual_entry, uniq_snorg,
          uniq_sonja, uniq_psyche
D:12:     minmay_the_grid_square_5x5_4x4
          [minmay_the_grid_square_5x5_intrusive_squares,
          minmay_the_grid_square_5x5_doubleslash,
          minmay_the_grid_square_5x5_two,
          minmay_the_grid_square_5x5_fancy_junction,
          minmay_the_grid_square_5x5_c,
          minmay_the_grid_square_5x5_prize_snowflake,
          minmay_the_grid_square_5x5_prize_monsterx,
          minmay_the_grid_square_5x5_tetrominoes,
          minmay_the_grid_square_5x5_meh,
          minmay_the_grid_square_5x5_prize_rear_guard,
          minmay_the_grid_square_5x5_prize_waves,
          minmay_the_grid_square_5x5_two_small,
          minmay_the_grid_square_5x5_shuriken,
          minmay_the_grid_square_5x5_inner_i,
          minmay_the_grid_square_5x5_two_walls_a,
          minmay_the_grid_square_5x5_slash], layout_basic, zin_purify
D:13:     layout_roguey, david_vaults_2, hellmonk_ghost_big_iron,
          nzn_wu_jian_council_hall, uniq_lodul
D:14:     layout_irregular_city, vehumet_crystals
D:15:     gammafunk_enter_depths_forms, layout_basic, serial_co_window_serial,
          co_window_corner_a, co_window_paths_a, co_window_paths_b,
          co_window_paths_b, co_window_paths_b, co_window_unsneaky_path_c,
          co_window_of_opportunity_c, co_window_corner_b, co_window_corner_b,
          co_window_2corner, co_window_paths_e, glass_columns_c, nrook_campfire
Lair:1:   layout_chaotic_city, minivault_23
Lair:2:   gammafunk_indiana_jones, layout_regular_city,
          spider_nest_entry_rubble, minmay_lindwurm_lava
Lair:3:   layout_cave_pods, elwin_shoals_entry_stream, worms_lemuel
Lair:4:   nzn_winding_woodlands_three_and_one
          [nzn_winding_woodlands_5x15_garden, nzn_winding_woodlands_5x15_zeroes,
          nzn_winding_woodlands_5x15_parted,
          nzn_winding_woodlands_center_garden], layout_cellular_growth
Lair:5:   minmay_lair_end_enchanted_forest, layout_cave_pods, slime_entry_1,
          infiniplex_staircase_pool, serial_bayou_shore_a
Shoals:1: layout_shoals
Shoals:2: layout_shoals, uniq_polyphemus
Shoals:3: layout_shoals, nicolae_shoals_enchanted_isle, uniq_roxanne
Shoals:4: shoals_end_simple, layout_shoals, shoal_ilsuiw,
          nicolae_shoals_lost_giant_hut
Spider:1: layout_spider_delve, uniq_louise, uniq_asterion
Spider:2: layout_chambers, uniq_mlioglotl
Spider:3: nicolae_spider_hilbert_zone_3 [nicolae_spider_hilbert_4_sides_2_open,
          nicolae_spider_hilbert_3_sides_1_open,
          nicolae_spider_hilbert_3_sides_1_open,
          nicolae_spider_hilbert_3_sides_1_open,
          nicolae_spider_hilbert_3_sides_1_open,
          nicolae_spider_hilbert_4_sides_1_open,
          nicolae_spider_hilbert_4_sides_1_open,
          nicolae_spider_hilbert_4_sides_1_open,
          nicolae_spider_hilbert_4_sides_1_open,
          nicolae_spider_hilbert_4_sides_1_open,
          nicolae_spider_hilbert_4_sides_1_open,
          nicolae_spider_hilbert_4_sides_1_open,
          nicolae_spider_hilbert_4_sides_1_open,
          nicolae_spider_hilbert_3_sides_1_open,
          nicolae_spider_hilbert_3_sides_1_open,
          nicolae_spider_hilbert_3_sides_1_open,
          nicolae_spider_hilbert_3_sides_1_open], uniq_mara, uniq_azrael
Spider:4: spider_rune_water, ebering_ghost_rock_garden, uniq_arachne
Orc:1:    layout_caves
Orc:2:    st_orc_elflike, layout_caves, gammafunk_ghost_grave
Vaults:1: nicolae_vaults_tangram_2, nicolae_vaults_circle_grid_a,
          vaults_room_semicircle, vaults_room_semicircle,
          nicolae_vaults_double_plus_1, v_misc_10, nicolae_vaults_network_s,
          ontoclasm_vaults_loading_screen, ontoclasm_vaults_chip,
          vaults_room_corners, nicolae_vaults_diagonal_hallway_8,
          nicolae_vaults_little_squares_2, vaults_room_hangedman_quadrants,
          nicolae_vaults_tetromino_L_1, layout_vaults_omnicross,
          nicolae_trove_entry_path_of_doom, uniq_boris
Vaults:2: nicolae_vaults_disappearing_quadrants, nicolae_vaults_spaceships,
          nicolae_vaults_big_angled_halls, vaults_room_stairs_pillars,
          nicolae_vaults_specimen_jars, nicolae_vaults_network_barrier,
          vaults_room_hallway, ontoclasm_vaults_eye, vaults_room_door_hall,
          layout_vaults_omnigrid, minmay_crypt_entry_nasty_monster, uniq_nikola,
          uniq_mennas

Skill      XL: |  1  2  3  4  5  6  7  8  9 10 11 12 13 14 15 16 17 18 19 20 |
---------------+-------------------------------------------------------------+-----
Axes           | 4 5 6 8 12 16 17 18 21 23 | 23.4
Throwing       | 1 4 7 8 9 12 16 18 | 18.0
Fighting       | 8 9 12 15 18 | 18.0
Armour         | 12 19 23 24 | 24.8
Dodging        | 9 12 | 12.0

Action                     |  1- 3 |  4- 6 |  7- 9 | 10-12 | 13-15 | 16-18 | 19-21 || total
---------------------------+-------+-------+-------+-------+-------+-------+-------++-------
  Melee: Hand axe          |   108 |    10 |       |       |       |       |       ||   118
         Headbutt          |    16 |    11 |    65 |    70 |   162 |   245 |   113 ||   682
         Punch             |     1 |       |     2 |     2 |       |       |       ||     5
         Mace              |       |    65 |       |       |       |       |       ||    65
         Flail             |       |    41 |   308 |   324 |       |       |       ||   673
         Battleaxe         |       |       |       |    55 |   439 |       |       ||   494
         Executioner's axe |       |       |       |       |   372 |       |       ||   372
         Broad axe         |       |       |       |       |    25 |  1042 |   376 ||  1443
  Throw: Boomerang         |       |    10 |     3 |    37 |    57 |   130 |    46 ||   283
         Throwing net      |       |       |       |     1 |       |     1 |       ||     2
         Dart              |       |       |       |       |     2 |       |       ||     2
         Javelin           |       |       |       |       |       |    12 |       ||    12
 Invoke: Berserk           |       |     1 |     2 |     5 |     6 |    10 |     6 ||    30
         Trog's Hand       |       |       |     1 |       |     4 |    12 |     7 ||    24
         Brothers in Arms  |       |       |       |       |       |     1 |     1 ||     2
  Evoke: Wand              |       |       |       |       |     2 |       |       ||     2
         Phial of floods   |       |       |       |       |       |       |     1 ||     1
    Use: Scroll            |       |       |       |     3 |    13 |    13 |     2 ||    31
         Potion            |       |       |       |     1 |       |       |     1 ||     2
   Stab: Distracted        |       |       |       |       |       |     1 |       ||     1
         Petrified         |       |       |       |       |       |     1 |       ||     1
 Armour: Animal skin       |    55 |       |       |       |       |       |       ||    55
         Leather armour    |     2 |       |       |       |       |       |       ||     2
         Chain mail        |       |    68 |    49 |       |       |       |       ||   117
         Crystal plate arm |       |       |   309 |   491 |  1009 |  1348 |   460 ||  3617
         Plate armour      |       |       |    40 |       |       |       |       ||    40
  Dodge: Dodged            |    65 |    64 |    89 |    93 |   207 |   355 |   175 ||  1048
         Repelled          |       |       |       |       |       |     9 |    10 ||    19
  Block: Kite shield       |       |       |       |       |     8 |   526 |   349 ||   883
         Reflection        |       |       |       |       |       |       |    44 ||    44

Table legend: (Time is in decaauts)
 A = Elapsed time spent in this place.
 B = Non-inter-level travel time spent in this place.
 C = Inter-level travel time spent in this place.
 D = Time resting spent in this place.
 E = Time spent auto-exploring this place.
 F = Levels seen in this place.
 G = Mean time per level.
                   A        B        C        D        E       F      G
               +--------+--------+--------+--------+--------+-----+--------+
         Total |  40693 |  37515 |   3178 |   4281 |  12726 |  33 | 1233.1 |
       Dungeon |  16317 |  15088 |   1229 |   1325 |   5745 |  15 | 1087.8 |
          Lair |   9793 |   8928 |    865 |   1753 |   2864 |   5 | 1958.6 |
        Shoals |   4213 |   3701 |    512 |    284 |   1368 |   4 | 1053.2 |
   Spider Nest |   5330 |   5043 |    287 |    558 |   2008 |   4 | 1332.5 |
  Orcish Mines |   1558 |   1523 |     35 |    101 |    375 |   2 |  779.0 |
        Vaults |   2966 |   2719 |    247 |    248 |    365 |   2 | 1483.0 |
        Bailey |    514 |    514 |      0 |     10 |      0 |   1 |  514.0 |
               +--------+--------+--------+--------+--------+-----+--------+

Top non-repeatable levels by time:
  Lair:5: 2493 daAuts
  Lair:2: 2186 daAuts
  Lair:1: 2112 daAuts
Spider:3: 1860 daAuts
     D:9: 1837 daAuts
     D:8: 1700 daAuts
  Lair:3: 1666 daAuts
Vaults:1: 1647 daAuts
Spider:2: 1582 daAuts
    D:10: 1394 daAuts
  Lair:4: 1334 daAuts
Vaults:2: 1318 daAuts
    D:15: 1312 daAuts
     D:6: 1287 daAuts
    D:11: 1285 daAuts
